 Dungeon Crawl Stone Soup version 0.30.0-5-g1a98f26d00 (webtiles) character file.

Game seed: 8758280502058560961

1488 monsoonserge the Caller (level 8, -1/60 HPs)
             Began as a Merfolk Wanderer on May 10, 2023.
             Was a Follower of Elyvilon.
             Succumbed to a hornet's poison
             ... on level 6 of the Dungeon.
             The game lasted 00:53:10 (5984 turns).

monsoonserge the Caller (Merfolk Wanderer)          Turns: 5984, Time: 00:53:11

Health: -1/60      AC: 13    Str: 15    XL:     8   Next: 80%
Magic:  20/21      EV: 13    Int: 14    God:    Elyvilon [*.....]
Gold:   370        SH:  0    Dex: 18    Spells: 10/13 levels left

rFire   . . .        l - +0 rapier
rCold   + . .        (no shield)
rNeg    . . .        H - +5 ring mail of Liulicki {rC+ Str+5 Dex+3}
rPois   .            (no helmet)
rElec   .            o - scarf {+Inv}
rCorr   .            b - +0 pair of gloves
SInv    .            v - +0 pair of boots
Will    .....        p - amulet of regeneration
Stlth   +            I - ring of wizardry
HPRegen 1.10/turn    A - ring of magical power
MPRegen 0.17/turn

%: wizardry (x1)
@: lethally poisoned (-1 -> -12), slowed, very slow
A: (nimble swimmer 2), mertail
a: Renounce Religion, Evoke Invisibility, Purification


You were on level 6 of the Dungeon.
You worshipped Elyvilon.
Elyvilon was aware of your devotion.
You visited 1 branch of the dungeon, and saw 6 of its levels.

You collected 370 gold pieces.

Inventory:

Hand Weapons
 a - a +0 sling
 l - a +0 rapier (weapon)
Missiles
 c - 4 javelins
 e - 80 stones
 g - 13 poisoned darts (quivered)
 G - a throwing net
Armour
 b - a +0 pair of gloves (worn)
 o - a scarf of invisibility (worn)
 v - a +0 pair of boots (worn)
 H - the +5 ring mail of Liulicki (worn) {rC+ Str+5 Dex+3}
   (You found it on level 4 of the Dungeon)

   Str:       It affects your strength (+5).
   Dex:       It affects your dexterity (+3).
   rC:        It protects you from cold.
Jewellery
 d - a +6 ring of strength
 m - a ring of protection from cold
 p - an amulet of regeneration (around neck)
 t - an amulet of magic regeneration
 A - a ring of magical power (right hand)
 B - an amulet of guardian spirit
 I - a ring of wizardry (left hand)
Scrolls
 f - 2 scrolls of noise {unknown}
 h - 2 scrolls of silence {unknown}
 i - 7 scrolls of identify {unknown}
 j - 4 scrolls of vulnerability {unknown}
 k - 4 scrolls of teleportation {unknown}
 n - a scroll of enchant armour {unknown}
 q - a scroll of fog {unknown}
 u - 2 scrolls of enchant weapon {unknown}
 y - 4 scrolls of immolation {unknown}
 z - 2 scrolls of magic mapping {unknown}
 F - a scroll of brand weapon {unknown}
Potions
 r - 2 potions of mutation {unknown}
 s - a potion of attraction {unknown}
 w - 3 potions of heal wounds
 x - 2 potions of curing
 C - a potion of brilliance {unknown}
 D - a potion of flight {unknown}
 E - 2 potions of degeneration {unknown}
 J - a potion of berserk rage {unknown}
 K - a potion of invisibility {unknown}


   Skills:
 + Level 3.7 Fighting
 + Level 2.9 Short Blades
 + Level 4.5 Ranged Weapons
 + Level 0.8 Throwing
 * Level 3.4 Armour
 + Level 4.3 Dodging
 + Level 0.9 Stealth
 - Level 3.0 Spellcasting
 + Level 5.0 Summonings
 + Level 2.2 Translocations
 - Level 1.0 Evocations


You had 10 spell levels left.
You knew the following spells:

 Your Spells              Type           Power      Damage    Failure   Level
a - Summon Small Mammal   Summ           64%        N/A       2%          1
b - Blink                 Tloc           16%        N/A       11%         2

Your spell library contained the following spells:

 Spells                   Type           Power      Damage    Failure   Level
 Lesser Beckoning         Tloc           16%        N/A       11%         2
 Momentum Strike          Conj/Tloc      10%        3d8       16%         2
 Summon Guardian Golem    Hex/Summ       9%         N/A       17%         3
 Cigotuvi's Dreadful Rot  Necr/Pois/Air  4%         N/A       24%         2
 Ensorcelled Hibernation  Hex/Ice        4%         N/A       24%         2
 Sublimation of Blood     Necr           2%         N/A       24%         2
 Wereblood                Tmut           2%         N/A       24%         2
 Spider Form              Tmut/Pois      2%         N/A       43%         3
 Animate Armour           Summ/Erth      18%        N/A       47%         4
 Summon Ice Beast         Ice/Summ       9%         N/A       47%         4
 Anguish                  Hex/Necr       1%         N/A       82%         4
 Summon Hydra             Summ           8%         N/A       100%        7


Dungeon Overview and Level Annotations

Branches:
Dungeon (6/15)
 Temple: D:4-7

Altars:
Elyvilon
Fedhas
Makhleb
Nemelex Xobeh
Qazlal
Vehumet
Wu Jian
Xom


Innate Abilities, Weirdness & Mutations

((You are very nimble when in or above water. (Stealth+, EV+, Speed+++)))
Your lower body shifts to a powerful aquatic tail in water.


Message History

Okay, then.
Okay, then.
You see here a +0 chain mail.
You see here a +0 chain mail.
A hornet comes into view.
You see here a metallic puce potion.
l - a +0 rapier (weapon)
Found 6 stones.
The helpless hornet fails to defend itself.
You puncture the hornet!
The hornet is moderately wounded.
The hornet stings you but does no damage.
The hornet stings you!
You feel yourself slow down.
Unknown command.
Casting: Summon Small Mammal (safe; 2% risk of failure)
Confirm with . or Enter, or press ? or * to list all spells.
You feel yourself speed up. The hornet stings you.
You feel yourself slow down. The hornet stings you!
You are poisoned.
You suddenly lose the ability to move!
You feel very sick. The hornet completely misses you. The hornet stings you.
You are more poisoned.
You feel as though you will be slow longer.
You feel very sick.
The hornet stings you but does no damage.
You can move again.
Casting: Summon Small Mammal (safe; 2% risk of failure)
Confirm with . or Enter, or press ? or * to list all spells.
You feel very sick. The hornet stings you!
* * * LOW HITPOINT WARNING * * *
You feel as though you will be slow longer.
The hornet closely misses you.
Your quokka bites the hornet but does no damage.
The hornet attacks as you move away! The hornet stings you!
* * * LOW HITPOINT WARNING * * *
You are more poisoned.
You feel as though you will be slow longer.
You die...

...#####.....#
#.#.#.#.#.#.##
.#.#.#.#.#.#.#
#.#.#.#.#.#.##
.#.#.#.#.#.#.#
#.#.#.#.#...##
.#.#.#.#.#.########
#.#.#.#.##..#.#r#(##
.#.#.#.#.#.###.#@.r#
#.#.#.#.##..#.####y#
.#.#.#.#.#.###.# .#
#.#.#.#.##..#.## .#
.#.#.#.#.#.#.## .#
#.#.#.#.##.### .#
.#.#.#.#.#.. .#
#)#.#.#.###. ##
.#.#.#.#.####


You could see a hornet (ally target) and 2 friendly quokkas.

Vanquished Creatures
  Prince Ribbit (D:5)
  An ice beast (D:6)
  2 black bears (D:5)
  A phantom (D:5)
  2 bullfrogs (D:6)
  3 scorpions
  A gnoll bouda (D:5)
  2 hounds
  An iguana (D:5)
  5 adders
  10 gnolls
  A shadow imp (D:5)
  A white imp (D:5)
  An ufetubus (D:5)
  A worm (D:4)
  14 dart slugs
  12 orcs
  7 ball pythons
  5 endoplasms
  4 giant cockroaches
  4 goblins
  10 hobgoblins
  A jackal (D:3)
  4 quokkas
  5 bats
  12 kobolds
  3 rats
114 creatures vanquished.

Vanquished Creatures (collateral kills)
  A sky beast (D:6)
  A scorpion (D:5)
  A jelly (D:5)
  An iguana (D:5)
  An adder (D:5)
  3 gnolls
  A worm (D:2)
  2 orcs
  A giant cockroach (D:4)
  A jackal (D:3)
  A ball python (D:3)
  A frilled lizard (D:3)
  3 kobolds
  A rat (D:1)
19 creatures vanquished.

Grand Total: 133 creatures vanquished

Notes
Turn   | Place    | Note
-------+----------+-------------------------------------------
     0 | D:1      | monsoonserge the Merfolk Wanderer began the quest for the
                  | Orb.
     0 | D:1      | monsoonserge set off with the following items: a +0 sling,
                  | a +0 pair of gloves, a potion of haste, a +0 robe; and the
                  | following spell memorised: Summon Small Mammal; and the
                  | following spells available to memorise: Summon Guardian
                  | Golem, Animate Armour.
     0 | D:1      | Reached XP level 1. HP: 15/15 MP: 3/3
    48 | D:1      | Reached XP level 2. HP: 21/21 MP: 1/5
   146 | D:1      | Got Saenuth's Catalogue of the Chilled Morgue
   645 | D:1      | Reached XP level 3. HP: 26/26 MP: 6/6
  1684 | D:2      | Reached XP level 4. HP: 20/33 MP: 4/7
  2022 | D:2      | Learned a level 2 spell: Blink
  2275 | D:3      | Found a radiant altar of Vehumet.
  2295 | D:3      | Reached skill level 1 in Evocations
  2393 | D:3      | Found an ornate altar of the Wu Jian Council.
  2393 | D:3      | Found a shimmering altar of Xom.
  2395 | D:3      | Found a white marble altar of Elyvilon.
  2395 | D:3      | Found a blossoming altar of Fedhas.
  2488 | D:3      | Reached skill level 1 in Short Blades
  2488 | D:3      | Reached XP level 5. HP: 38/38 MP: 8/8
  2517 | D:3      | Reached skill level 3 in Summonings
  3272 | D:4      | Found a stormy altar of Qazlal.
  3288 | D:4      | Found a burning altar of Makhleb.
  3796 | D:4      | Reached XP level 6. HP: 37/45 MP: 9/9
  3808 | D:4      | Reached skill level 1 in Armour
  3926 | D:4      | Identified the +5 ring mail of Liulicki {rC+ Str+5 Dex+3}
  3996 | D:4      | Reached skill level 1 in Translocations
  4338 | D:3      | Became a worshipper of Elyvilon the Healer
  4367 | D:5      | Entered Level 5 of the Dungeon
  4722 | D:5      | Reached XP level 7. HP: 51/51 MP: 10/10
  5206 | D:5      | Reached skill level 4 in Summonings
  5251 | D:5      | Reached XP level 8. HP: 34/58 MP: 12/12
  5321 | D:5      | Noticed Prince Ribbit
  5364 | D:5      | Killed Prince Ribbit
  5729 | D:6      | Reached * piety under Elyvilon
  5823 | D:6      | Reached skill level 5 in Summonings
  5890 | D:6      | Found a sparkling altar of Nemelex Xobeh.
  5975 | D:6      | Noticed a hornet
  5980 | D:6      | Paralysed by a hornet for 3 turns
  5984 | D:6      | Succumbed to a hornet's poison

Illustrated notes

Levels and vault maps discovered:
D:1:      psy_arrival_terrarium, layout_loops_corners, kennysheep_nondescript,
          dreamdust_princess_corridor
D:2:      layout_loops_corners, minmay_joined_circles
D:3:      layout_rooms, lemuel_tele_altar, mainiacjoe_overflow_alcove_3,
          st_stairs_4, minmay_statues_item
D:4:      kennysheep_slugbush, layout_layer_cave, grunt_qazlal_sundering,
          overflow_temple_1_default, serial_forest, infiniplex_forest_join,
          infiniplex_forest_clump_curved, infiniplex_forest_lined_room_2,
          infiniplex_forest_lined_room_2, infiniplex_forest_lined_2,
          infiniplex_forest_end_2, nicolae_elevator_lobby_plus
D:5:      layout_rooms, minmay_between, uniq_prince_ribbit1
D:6:      layout_basic, nemelex_spade_bored_becter,
          minmay_temple_entry_overgrown, serial_aquarium, aquarium_bridge_square
          [aquarium_subvault_wall, aquarium_subvault_bridge,
          aquarium_subvault_wall, aquarium_subvault_window],
          aquarium_window_fake, aquarium_window_2, aquarium_view_2d,
          aquarium_balcony_5a, minmay_small_thing, uniq_eustachio

Skill      XL: |  1  2  3  4  5  6  7  8 |
---------------+-------------------------+-----
Ranged Weapons | 3 4 |  4.5
Dodging        | 3 4 |  4.3
Evocations     | 1 |  1.0
Short Blades   | 1 2 |  2.9
Summonings     | 3 4 5 |  5.0
Fighting       | 2 3 |  3.7
Armour         | 1 2 3 |  3.4
Translocations | 1 2 |  2.2
Spellcasting   | 3 |  3.0
Throwing       | |  0.8
Stealth        | |  0.9

Action                     |  1- 3 |  4- 6 |  7- 9 || total
---------------------------+-------+-------+-------++-------
  Melee: Rapier            |    14 |   194 |   166 ||   374
         Punch             |       |     5 |     1 ||     6
   Fire: Sling             |   108 |   112 |    47 ||   267
  Throw: Dart              |       |       |     8 ||     8
         Javelin           |       |       |     1 ||     1
   Cast: Summon Small Mamm |    20 |    93 |    70 ||   183
         Blink             |       |     2 |     6 ||     8
    Use: Potion            |     1 |     1 |     1 ||     3
   Stab: Distracted        |       |     3 |     1 ||     4
         Sleeping          |       |       |     1 ||     1
 Armour: Robe              |    16 |    28 |       ||    44
         Leather armour    |       |    25 |       ||    25
         Ring mail         |       |    28 |   150 ||   178
  Dodge: Dodged            |    41 |   184 |   159 ||   384
